 Dungeon Crawl Stone Soup version 0.22-a0-542-gce4f928 (webtiles) character file.

3 n0claF the Shooter (level 1, -1/17 HPs)
             Began as a Centaur Hunter on June 24, 2018.
             Slain by a leopard gecko (5 damage)
             ... on level 1 of the Dungeon.
             The game lasted 00:00:40 (88 turns).

n0claF the Shooter (Centaur Hunter)                   Turns: 88, Time: 00:00:41

Health: -1/17      AC:  4    Str: 14    XL:     1   Next: 41%
Magic:  1/1        EV:  9    Int: 10    God:
Gold:   0          SH:  0    Dex:  9    Spells: 0/0 levels left

rFire    . . .     SeeInvis .   b - +0 short sword
rCold    . . .     Gourm    .   (no shield)
rNeg     . . .     Faith    .   c - +0 leather armour
rPois    .         Spirit   .   (no helmet)
rElec    .         Reflect  .   (no cloak)
rCorr    .         Harm     .   (no gloves)
MR       .....                  (no barding)
Stlth    +.........             (no amulet)
HPRegen  0.05/turn              (no ring)
MPRegen  0.07/turn              (no ring)

@: very quick
A: large, hooves 3, deformed body, speed 2, tough skin 3
a: no special abilities


You were on level 1 of the Dungeon.
You were not hungry.

You visited 1 branch of the dungeon, and saw 1 of its levels.

Inventory:

Hand Weapons
 a - a +1 shortbow
 b - a +0 short sword (weapon)
Missiles
 d - 20 arrows
Armour
 c - a +0 leather armour (worn)
Scrolls
 f - a scroll of identify {unknown}
 h - a scroll of teleportation {unknown}
Comestibles
 e - a ration {!d}
 g - a chunk of flesh


   Skills:
 + Level 2.1 Fighting
 + Level 5.3 Bows
 + Level 0.4 Throwing
 - Level 1.3 Dodging
 - Level 0.4 Stealth


You couldn't memorise any spells.
You didn't know any spells.
Your spell library was empty.

Dungeon Overview and Level Annotations

Branches:
Dungeon (1/15)

Altars:


Innate Abilities, Weirdness & Mutations

You have hooves in place of feet.
Armour fits poorly on your strangely shaped body.
You cover ground very quickly.
You have extremely tough skin. (AC +3)


Message History

The bat hits you but does no damage. x2
You hit the bat but do no damage. The bat hits you but does no damage.
The bat barely misses you. The bat hits you but does no damage.
The bat hits you but does no damage. The bat closely misses you.
You closely miss the bat. The bat closely misses you.
The bat hits you but does no damage. The bat hits you. x2
You closely miss the bat. The bat barely misses you.
You hit the bat.
You kill the bat!
No target in view!
No target in view!
You butcher the bat corpse.
g - a chunk of flesh
There is an escape hatch in the floor here.
h - a scroll labeled DUUSET OSEMM
Found 24 stones.
A rat comes into view.
A leopard gecko comes into view.
The leopard gecko hisses angrily.
You closely miss the rat. The rat bites you but does no damage.
Your leather armour prevents you from hitting the rat.
The rat closely misses you. The rat barely misses you.
You barely miss the rat. The rat closely misses you.
You closely miss the leopard gecko.
The leopard gecko bites you but does no damage.
The rat bites you but does no damage.
You hit the leopard gecko. The leopard gecko barely misses you.
The leopard gecko bites you but does no damage.
The rat bites you but does no damage.
You barely miss the leopard gecko. Your kick misses the leopard gecko.
The leopard gecko bites you. The rat barely misses you.
You barely miss the leopard gecko.
The leopard gecko bites you but does no damage.
The rat bites you.
You closely miss the leopard gecko. The leopard gecko misses you.
The rat bites you but does no damage. The leopard gecko barely misses you.
You barely miss the leopard gecko. The rat bites you but does no damage.
The leopard gecko bites you.
* * * LOW HITPOINT WARNING * * *
You hit the leopard gecko. The rat barely misses you.
The leopard gecko closely misses you.
You barely miss the leopard gecko. The leopard gecko bites you.
* * * LOW HITPOINT WARNING * * *
The rat bites you but does no damage. The leopard gecko barely misses you.
You closely miss the leopard gecko. Your kick misses the leopard gecko.
The rat misses you. The leopard gecko bites you.
You die...

######## #....(.#
#...l..###
#...r@...###########
#..................###
....#...................
... #...................
. .....................
..##.####..........)..
... #. #.....#..>.... ##
#. #.....####....
#.....####....


You could see a leopard gecko and a rat.

Vanquished Creatures
  A bat (D:1)
  A hobgoblin (D:1)
  A kobold (D:1)
3 creatures vanquished.

Notes
Turn   | Place    | Note
-------+----------+-------------------------------------------
     0 | D:1      | n0claF the Centaur Hunter began the quest for the Orb.
     0 | D:1      | Reached XP level 1. HP: 17/17 MP: 1/1
    88 | D:1      | Slain by a leopard gecko

Vault maps used:
D:1:      giann_forest_graveyard, minivault_27

Action                   || total
-------------------------++-------
Melee: Short sword       ||    24
       Kick              ||     1
Armor: Leather armour    ||    20
Dodge: Dodged            ||    19

Table legend:
 A = Spawn XP
 B = Non-spawn XP
 C = Spawn XP percentage of total XP
 D = Spawn monster count
 E = Non-spawn monster count
 F = Spawn count percentage of total count
 G = Total turns spent on level
                    A         B        C        D         E        F      G
               +---------+---------+-------+---------+---------+-------+---------
         Total |       0 |       5 |   0.0 |       0 |       3 |   0.0 |    88
               +---------+---------+-------+---------+---------+-------+---------
           D:1 |       0 |       5 |   0.0 |       0 |       3 |   0.0 |    88
               +---------+---------+-------+---------+---------+-------+---------
